 Dungeon Crawl Stone Soup version 0.31-a0-161-gb58dd9be76 (webtiles) character file.

Game seed: 12127757619197899167

57 Serulin the Trooper (level 4, -5/29 HPs)
             Began as a Gargoyle Fighter on June 13, 2023.
             Killed from afar by an orc wizard (8 damage)
             ... with a magic dart
             ... on level 1 of the Dungeon.
             The game lasted 00:02:55 (823 turns).

Serulin the Trooper (Gargoyle Fighter)               Turns: 823, Time: 00:02:55

Health: -5/29      AC: 11    Str: 21    XL:     4   Next: 0%
Magic:  4/4        EV:  9    Int:  9    God:
Gold:   19         SH:  0    Dex:  9    Spells: 3/3 levels left

rFire   . . .        a - +0 flail
rCold   . . .        c - +0 buckler
rNeg    + . .        b - +0 scale mail
rPois   ∞            (no helmet)
rElec   +            (no cloak)
rCorr   .            k - +0 pair of gloves
SInv    .            (no boots)
Will    .....        (no amulet) Stlth
                     (no ring)
HPRegen 0.24/turn    (no ring)
MPRegen 0.09/turn

%: no passive effects
@: confused
A: sickness immunity, AC +3, negative energy resistance 1, electricity
resistance, torment resistance 1, petrification resistance
a: no special abilities


You were on level 1 of the Dungeon.
You visited 1 branch of the dungeon, and saw 2 of its levels.

You collected 19 gold pieces.

Inventory:

Hand Weapons
 a - a +0 flail (weapon)
Missiles
 j - 5 boomerangs of dispersal
Armour
 b - a +0 scale mail (worn)
 c - a +0 buckler (worn)
 k - a +0 pair of gloves (worn)
Scrolls
 f - a scroll of blinking {unknown}
 g - a scroll of poison {unknown}
 l - a scroll of amnesia {unknown}
 m - 2 scrolls of noise {unknown}
 n - 2 scrolls of teleportation {unknown}
Potions
 d - a potion of might
 e - a potion of curing {unknown}
 h - a potion of attraction {unknown}
 i - a potion of heal wounds {unknown}


   Skills:
 + Level 3.8 Fighting
 + Level 2.7 Maces & Flails
 + Level 3.8 Armour
 + Level 3.8 Shields


You had 3 spell levels left.
You didn't know any spells.
Your spell library was empty.

Dungeon Overview and Level Annotations

Branches:
Dungeon (2/15)

Altars:

Shops:
D:2 !


Innate Abilities, Weirdness & Mutations

You are immune to sickness and miasma.
Your stone body is resilient. (AC +3)
You are immune to poison.
You resist negative energy. (rN+)
You are resistant to electric shocks. (rElec)
You are resistant to unholy torment.
You are immune to petrification.


Message History

You bump into the rock wall.
Something hits you but does no damage. x2
You bump into the rock wall.
Something hits you but does no damage. Something hits you.
You bump into the rock wall.
Something hits you but does no damage. x2
You bump into the rock wall.
You hear some strange, mumbled words.
Something tries to affect you, but you resist.
Something hits you but does no damage.
You closely miss something. Something hits you but does no damage.
You hear some strange, mumbled words.
Something tries to affect you, but you resist.
Something hits you but does no damage. x2
Unknown command.
You completely miss something. Something hits you but does no damage.
Something hits you.
* * * LOW HITPOINT WARNING * * *
You barely miss something.
You hear some strange, mumbled words.
A puff of flame appears from out of thin air!
The puff of flame hits you.
* * * LOW HITPOINT WARNING * * *
Something hits you but does no damage.
You bump into the rock wall.
Something hits you but does no damage.
You hear some strange, mumbled words.
You are more confused.
You completely miss something.
Something hits you but does no damage. x4
You bump into the rock wall.
Something hits you but does no damage. Something hits you.
* * * LOW HITPOINT WARNING * * *
You bump into the rock wall.
An orc wizard appears from thin air!
Reactivating autopickup.
The orc wizard hits you but does no damage.
Something hits you.
* * * LOW HITPOINT WARNING * * *
Deactivating autopickup; reactivate with Ctrl-A.
You barely miss the orc wizard. The orc wizard barely misses you.
You hear some strange, mumbled words.
A magic dart appears from out of thin air!
The magic dart hits you!
You die...

##.# #......##.#..... ##.#######
#..######....### #...##...# #..#
##...# .........#########..#
#..># ....##..............##
#...#
.#.##................######...#
##.###.###########............#
.......############.........#####
##.............o@{..######### #..
##################.# #.#
#.###########.# #........†....#
###############


You could see an orc wizard.

Vanquished Creatures
  A gnoll (D:1)
  An adder (D:2)
  2 orcs
  5 ball pythons
  3 endoplasms (D:1)
  2 giant cockroaches (D:1)
  3 goblins
  3 hobgoblins (D:1)
  6 kobolds
  2 quokkas (D:1)
  2 bats (D:1)
  3 frilled lizards (D:1)
  2 rats (D:1)
35 creatures vanquished.

Notes
Turn   | Place    | Note
-------+----------+-------------------------------------------
     0 | D:1      | Serulin the Gargoyle Fighter began the quest for the Orb.
     0 | D:1      | Reached XP level 1. HP: 14/14 MP: 1/1
    71 | D:1      | Reached XP level 2. HP: 19/19 MP: 2/2
   272 | D:1      | Reached XP level 3. HP: 22/23 MP: 3/3
   736 | D:2      | Found Sona's Distillery.
   790 | D:2      | Reached XP level 4. HP: 28/29 MP: 4/4
   823 | D:1      | Killed from afar by an orc wizard

Illustrated notes

Levels and vault maps discovered:
D:1:      co_arrival_square_in_a_square_in_a_square, layout_loops_ring,
          minmay_tree_intersection, minmay_pentomino_u4
D:2:      layout_basic, serial_shops, shop, grunt_ministairs_2,
          minmay_misc_feat_columns

Action                     |  1- 3 |  4- 6 || total
---------------------------+-------+-------++-------
  Melee: Flail             |   120 |    11 ||   131
 Armour: Scale mail        |    65 |    33 ||    98
  Dodge: Dodged            |    53 |     3 ||    56
  Block: Buckler           |    31 |       ||    31

Table legend: (Time is in decaauts)
 A = Elapsed time spent in this place.
 B = Non-inter-level travel time spent in this place.
 C = Inter-level travel time spent in this place.
 D = Time resting spent in this place.
 E = Time spent auto-exploring this place.
 F = Levels seen in this place.
 G = Mean time per level.
                   A        B        C        D        E       F      G
               +--------+--------+--------+--------+--------+-----+--------+
         Total |    866 |    850 |     16 |      0 |    520 |   2 |  433.0 |
       Dungeon |    866 |    850 |     16 |      0 |    520 |   2 |  433.0 |
               +--------+--------+--------+--------+--------+-----+--------+

Top non-repeatable levels by time:
     D:1: 740 daAuts
     D:2: 126 daAuts
